 Dungeon Sprint DCSS version 0.31-a0-344-gd109795599 (webtiles) character file.

Game seed: 12936501164121960944

1398 Conn the Arsonist (level 8, 0/46 HPs)
             Began as an Octopode Fire Elementalist on July 22, 2023.
             Was a Priest of Sif Muna.
             Slain by Snorg (27 damage)
             ... in the Dungeon (Sprint III: "The Ten Rune Challenge").
             The game lasted 00:05:09 (895 turns).

Conn the Arsonist (Octopode Fire Elementalist)       Turns: 895, Time: 00:05:10

Health: 0/46       AC:  1    Str:  7    XL:     8   Next: 69%
Magic:  1/21       EV: 15    Int: 19    God:    Sif Muna [***...]
Gold:   38         SH:  0    Dex: 13    Spells: 12/25 levels left

rFire   + . .        i - +2 long sword (holy)
rCold   . . .        (no shield)
rNeg    . . .        (helmet restricted)
rPois   .            (no amulet)
rElec   .            (no ring)
rCorr   .            (no ring)
SInv    .            (no ring)
Will    .....        (no ring)
Stlth   +++++        (no ring)
HPRegen 0.27/turn    (no ring)
MPRegen 0.17/turn    (no ring)
                     (no ring)

%: no teleportation
@: no status effects
A: almost no armour, amphibious, 8 rings, camouflage 1, gelatinous body 1,
(nimble swimmer 1), tentacles, fire resistance 1, MP-powered wands
a: Renounce Religion, Channel Magic, Forget Spell


You were in the Dungeon.
You worshipped Sif Muna.
Sif Muna was most pleased with you.
You visited 1 branch You collected 38 gold pieces.

Inventory:

Hand Weapons
 i - a +2 long sword of holy wrath (weapon)
Wands
 m - a wand of paralysis (8)
Scrolls
 k - a scroll of vulnerability
Potions
 a - 3 potions of magic
 b - 2 potions of curing
 d - a potion of haste
 e - a potion of berserk rage
 g - a potion of mutation
 j - 4 potions of enlightenment
 l - a potion of resistance {unknown}


   Skills:
 + Level 0.2 Fighting
 + Level 5.5 Dodging
 - Level 7.5 Stealth
 - Level 1.3 Unarmed Combat
 * Level 9.0 Spellcasting
 * Level 4.8 Conjurations
 + Level 2.2 Hexes
 * Level 6.3 Summonings
 + Level 11.8 Fire Magic
 * Level 2.6 Invocations


You had 12 spell levels left.
You knew the following spells:

 Your Spells              Type           Power      Damage    Failure   Level
a - Foxfire               Conj/Fire      100%       2x1d9     1%          1
b - Scorch                Fire           100%       2d9       1%          2
c - Inner Flame           Hex/Fire       35%        N/A       1%          3
d - Flame Wave            Conj/Fire      40%        2d11      2%          4
e - Summon Guardian Gole  Hex/Summ       25%        N/A       4%          3

Your spell library contained the following spells:

 Spells                   Type           Power      Damage    Failure   Level
 Volatile Blastmotes      Fire/Tloc      62%        2d15      2%          3
 Orb of Destruction       Conj           13%        9d7       100%        7
 Spellforged Servitor     Conj/Summ      14%        N/A       100%        7


Dungeon Overview and Level Annotations

Branches:
Dungeon (1/1)

Altars:
Dithmenos
Elyvilon
Kikubaaqudgha
Okawaru
Ru
Sif Muna
Trog
Uskayaw
Vehumet
Wu Jian
Yredelemnul
Zin
The Shining One

Shops:
D *

Annotations:
D Snorg


Innate Abilities, Weirdness & Mutations

You cannot wear most types of armour.
You are amphibious.
You can wear up to eight rings at the same time.
Your skin changes colour to match your surroundings (Stealth+).
Your rubbery body absorbs attacks. (AC +1, EV +1)
((You are camouflaged when in or above water. (Stealth+)))
You have tentacles for arms and can constrict up to eight enemies at once.
Your flesh is heat resistant. (rF+)
You expend magic power (3 MP) to strengthen your wands.


Message History

Casting: Foxfire (safe; 1% risk of failure)
Confirm with . or Enter, or press ? or * to list all spells.
Okay, then.
Unknown command.
Unknown command.
Okay, then.
Unknown command.
Unknown command.
Unknown command.
Casting: Foxfire (safe; 1% risk of failure)
Confirm with . or Enter, or press ? or * to list all spells.
Aiming: Inner Flame (safe; 1% risk of failure)
Press: ? - help, Dir - move target, f - Snorg
Aim: Snorg (poison gas, chance to affect: 59%) Snorg is filled with an inner flame.
Snorg is engulfed in poison gas.
Snorg is poisoned.
Flame seeps out of Snorg.
Snorg goes berserk!
Casting: Inner Flame (safe; 1% risk of failure)
Confirm with . or Enter, or press ? or * to list all spells.
Flames lash Snorg.
Flame seeps out of Snorg.
Snorg is lightly wounded.
Snorg's fire resistance burns away.
Snorg is engulfed in poison gas.
Snorg looks even sicker.
Flame seeps out of Snorg.
Snorg is engulfed in poison gas.
Snorg looks even sicker.
Flame seeps out of Snorg.
Okay, then.
You feel much better.
Flame seeps out of Snorg.
Snorg looks as sick as possible!
Snorg bites you but does no damage. Snorg claws you. Snorg claws you!
Casting: Scorch (safe; 1% risk of failure)
Confirm with . or Enter, or press ? or * to list all spells.
Casting: Flame Wave (dangerous; 2% risk of failure)
Press: ? - help, Dir - look around, f - activate A wave of flame ripples out!
The flame wave engulfs Snorg!!
Snorg is burned terribly!
Flame seeps out of Snorg.
Snorg is moderately wounded. (Press . to intensify the flame waves.) Flame seeps out of Snorg.
Snorg is engulfed in poison gas.
Snorg looks as sick as possible!
Flame seeps out of Snorg.
Snorg bites you!!
Ouch! That really hurt!
You die...

.♣.♣ ♣..#...#__.#._#§§§o..oo
.~.♣♣♣♣.###'#'###)##§°.ooooo
~~..♣♣♣.#.........§#§ooooooo
~~~♣♣.♣.'.).......§#$#
≈≈~~~♣..#...######§#)#
≈~~~....#.⌠.# #§§§#+#####
~~~[....#...# #§§§#.§§~~+
~.......#'### #§§§#.#§~~#
........#.).# #@T§§§#...#
........#___# +§§§#§#§T§#
▓▓▓▓▓▓▓▓▓▓▓▓▓ ▓▓▓▓▓▓▓ ▓▓▓


You could see Snorg (berserk, inner flame, extremely poisoned, combustible).

Vanquished Creatures
  A deep elf pyromancer (D)
  A shadow (D)
  A necrophage (D)
  A water elemental (D)
  A scorpion (D)
  A jelly (D)
  A wizard (D)
  An orc wizard (D)
  A necromancer (D)
  3 humans (D)
  A kobold demonologist (D)
  An endoplasm (D)
  3 rats (D)
17 creatures vanquished.

Vanquished Creatures (others)
  2 orc warriors (D)
  An orc wizard (D)
  An orc (D)
  36 foxfires (D)
40 creatures vanquished.

Grand Total: 57 creatures vanquished

Notes
Turn   | Place    | Note
-------+----------+-------------------------------------------
     0 | D        | Conn the Octopode Fire Elementalist began the quest for the
                  | Orb.
     0 | D        | Reached XP level 1. HP: 11/11 MP: 3/3
    98 | D        | Noticed a scorpion
   106 | D        | Reached skill level 4 in Fire Magic
   106 | D        | Reached XP level 2. HP: 12/17 MP: 0/5
   122 | D        | Killed a scorpion
   123 | D        | Reached skill level 6 in Fire Magic
   123 | D        | Reached XP level 3. HP: 20/21 MP: 0/8
   123 | D        | Reached XP level 4. HP: 26/27 MP: 0/9
   126 | D        | Learned a level 2 spell: Scorch
   130 | D        | Learned a level 3 spell: Inner Flame
   135 | D        | Learned a level 4 spell: Flame Wave
   151 | D        | Gained mutation: You expend magic power (3 MP) to
                  | strengthen your wands. [potion of mutation]
   151 | D        | Gained mutation: Your muscles are strong. (Str +4, Int/Dex
                  | -1) [potion of mutation]
   151 | D        | Gained mutation: One of your tentacles bears a spike.
                  | [potion of mutation]
   152 | D        | Lost mutation: Your muscles are strong. (Str +4, Int/Dex
                  | -1) [potion of mutation]
   152 | D        | Lost mutation: One of your tentacles bears a spike. [potion
                  | of mutation]
   152 | D        | Gained mutation: Your flesh is heat resistant. (rF+)
                  | [potion of mutation]
   217 | D        | Noticed a water elemental
   219 | D        | Killed a water elemental
   220 | D        | Reached skill level 5 in Stealth
   220 | D        | Reached skill level 7 in Fire Magic
   220 | D        | Reached XP level 5. HP: 31/31 MP: 5/11
   274 | D        | Found a radiant altar of Vehumet.
   274 | D        | Found a shimmering blue altar of Sif Muna.
   274 | D        | Found an ancient bone altar of Kikubaaqudgha.
   277 | D        | Reached skill level 8 in Fire Magic
   285 | D        | Became a worshipper of Sif Muna the Loreminder
   468 | D        | Learned a level 3 spell: Summon Guardian Golem
   511 | D        | Noticed a human
   515 | D        | Killed a human
   515 | D        | Noticed a human
   516 | D        | Reached skill level 5 in Spellcasting
   516 | D        | Reached skill level 9 in Fire Magic
   516 | D        | Reached XP level 6. HP: 36/36 MP: 3/14
   531 | D        | Killed a human
   532 | D        | Reached skill level 1 in Unarmed Combat
   532 | D        | Reached skill level 10 in Fire Magic
   532 | D        | Reached XP level 7. HP: 41/41 MP: 1/16
   642 | D        | Found an ornate altar of the Wu Jian Council.
   643 | D        | Found a hide-covered altar of Uskayaw.
   643 | D        | Found an iron altar of Okawaru.
   643 | D        | Found a bloodstained altar of Trog.
   649 | D        | Found a glowing silver altar of Zin.
   649 | D        | Found a glowing golden altar of the Shining One.
   649 | D        | Found a white marble altar of Elyvilon.
   649 | D        | Noticed a deep elf pyromancer
   652 | D        | Killed a deep elf pyromancer
   652 | D        | Reached * piety under Sif Muna
   653 | D        | Reached skill level 5 in Dodging
   653 | D        | Reached skill level 1 in Hexes
   653 | D        | Reached skill level 5 in Summonings
   653 | D        | Reached skill level 11 in Fire Magic
   653 | D        | Reached XP level 8. HP: 46/46 MP: 10/19
   719 | D        | Found a basalt altar of Yredelemnul.
   719 | D        | Found a shadowy altar of Dithmenos.
   719 | D        | Found a sacrificial altar of Ru.
   788 | D        | Noticed a shadow
   789 | D        | Reached skill level 1 in Invocations
   791 | D        | Killed a shadow
   791 | D        | Reached ** piety under Sif Muna
   870 | D        | Noticed Snorg
   874 | D        | Found Gemuoll's Assorted Antiques.
   887 | D        | Reached *** piety under Sif Muna
   895 | D        | Slain by Snorg

Illustrated notes

Levels and vault maps discovered:
D:        dungeon_sprint_mu [sprint_mu_entry_forest, sprint_mu_temple_rooms,
          sprint_mu_d1_horrors, sprint_mu_d2_genie, sprint_mu_d3_branching,
          sprint_mu_orc_legion, sprint_mu_elf_gauntlet, sprint_mu_hive_nellie,
          sprint_mu_lair_fedhas, sprint_mu_vaults_butterflies,
          sprint_mu_slime_circle, sprint_mu_shoals_archi,
          sprint_mu_snake_twists, sprint_mu_blade_basic, sprint_mu_crypt_lich,
          sprint_mu_tomb_spiral, sprint_mu_vestibule_basic,
          sprint_mu_gehenna_hellfire, sprint_mu_dis_giant,
          sprint_mu_tartarus_statrot, sprint_mu_cocytus_islands, sprint_mu_zot1]

Skill      XL: |  1  2  3  4  5  6  7  8 |
---------------+-------------------------+-----
Stealth        | 3 4 5 6 7 |  7.5
Fire Magic     | 4 6 7 9 10 11 | 11.8
Dodging        | 3 4 5 |  5.5
Spellcasting   | 3 4 5 6 7 9 |  9.0
Conjurations   | 2 3 4 |  4.8
Summonings     | 2 4 5 6 |  6.3
Unarmed Combat | 1 |  1.3
Hexes          | 1 2 |  2.2
Invocations    | 2 |  2.6
Fighting       | |  0.2

Action                     |  1- 3 |  4- 6 |  7- 9 || total
---------------------------+-------+-------+-------++-------
  Melee: Unarmed           |     5 |       |       ||     5
         Constrict         |     1 |       |       ||     1
         Tentacles         |     1 |       |       ||     1
   Cast: Foxfire           |    10 |     6 |     5 ||    21
         Scorch            |       |     4 |     5 ||     9
         Inner Flame       |       |     2 |     7 ||     9
         Flame Wave        |       |     1 |     2 ||     3
         Summon Guardian G |       |       |     1 ||     1
    Use: Potion            |       |     2 |     1 ||     3
         Scroll            |       |     2 |     2 ||     4
 Armour: Skin              |       |       |     1 ||     1
  Dodge: Dodged            |     2 |     1 |       ||     3

Table legend: (Time is in decaauts)
 A = Elapsed time spent in this place.
 B = Non-inter-level travel time spent in this place.
 C = Inter-level travel time spent in this place.
 D = Time resting spent in this place.
 E = Time spent auto-exploring this place.
 F = Levels seen in this place.
 G = Mean time per level.
                   A        B        C        D        E       F      G
               +--------+--------+--------+--------+--------+-----+--------+
         Total |    894 |    894 |      0 |    373 |    256 |   1 |  894.0 |
       Dungeon |    894 |    894 |      0 |    373 |    256 |   1 |  894.0 |
               +--------+--------+--------+--------+--------+-----+--------+

Top non-repeatable levels by time:
       D: 894 daAuts
